 Dungeon Crawl Stone Soup version 0.32-a0-599-gba8f9cf90e (webtiles) character file.

Game seed: 7249858661378559935

7081 NormalPerson7 the Slicer (level 11, -5/68 HPs)
             Began as a Kobold Brigand on Mar 3, 2024.
             Was a Priest of Wu Jian.
             Slain by Snorg (11 damage)
             ... on level 10 of the Dungeon.
             The game lasted 00:54:08 (11082 turns).

NormalPerson7 the Slicer (Kobold Brigand)          Turns: 11082, Time: 00:54:08

Health: -5/68      AC:  8    Str:  9    XL:     11   Next: 30%
Magic:  2/11       EV: 19    Int: 13    God:    Wu Jian [***...]
Gold:   186        SH:  0    Dex: 20    Spells: 5/10 levels left

rFire   . . .        a - +2 dagger
rCold   . . .        (no shield)
rNeg    . . .        e - +1 robe {Will+}
rPois   .            (no helmet)
rElec   .            o - +0 cloak
rCorr   .            y - +2 pair of gloves
SInv    .            m - +0 pair of boots
Will    +....        i - amulet of regeneration
Stlth   +++++        D - ring of flight
HPRegen 1.11/turn    M - +4 ring of slaying
MPRegen 0.12/turn

%: no passive effects
@: exhausted, flying
A: small, no large weapons, nightstalker 3
a: Renounce Religion, Wall Jump, Serpent's Lash


You were on level 10 of the Dungeon.
You worshipped Wu Jian.
Wu Jian was most pleased with you.
You visited 2 branches of the dungeon, and saw 11 of its levels.
You also visited: Ossuary.

You collected 630 gold pieces.
You spent 444 gold pieces at shops.

Inventory:

Hand Weapons
 a - a +2 dagger (weapon)
 z - a +0 rapier
Missiles
 d - 11 poisoned darts
 n - a curare-tipped dart (quivered)
 q - 5 datura-tipped darts
 u - 2 throwing nets {!f}
Armour
 e - a +1 robe of willpower (worn)
 m - a +0 pair of boots (worn)
 o - a +0 cloak (worn)
 y - a +2 pair of gloves (worn)
Magical Staves
 k - a staff of alchemy
Jewellery
 i - an amulet of regeneration (around neck)
 D - a ring of flight (left hand)
 H - an amulet of guardian spirit
 M - a +4 ring of slaying (right hand)
 N - a ring of fire
Wands
 p - a wand of digging (5)
 A - a wand of charming (10)
 O - a wand of mindburst (4)
 P - a wand of quicksilver (1)
Scrolls
 b - 2 scrolls of noise
 j - a scroll of immolation {unknown}
 l - 3 scrolls of poison {unknown}
 r - a scroll of identify
 s - a scroll of fog {unknown}
 t - 2 scrolls of teleportation
 x - a scroll of blinking
 F - a scroll of enchant weapon {unknown}
 I - 4 scrolls of amnesia
 Q - a scroll of fear {unknown}
Potions
 c - 3 potions of curing
 f - a potion of haste
 g - 3 potions of brilliance
 h - a potion of heal wounds
 v - a potion of ambrosia
 w - 3 potions of magic
 B - a potion of attraction {unknown}
 C - a potion of enlightenment {unknown}
 E - 3 potions of might
 G - 2 potions of cancellation {unknown}
 J - a potion of berserk rage
 K - 5 potions of lignification
 L - 3 potions of degeneration {unknown}


   Skills:
 - Level 8.0 Fighting
 - Level 10.0 Short Blades
 - Level 8.0 Throwing
 - Level 7.0 Dodging
 - Level 8.0 Stealth
 - Level 6.0 Conjurations
 - Level 6.0 Earth Magic
 + Level 2.1 Evocations


You had 5 spell levels left.
You knew the following spells:

 Your Spells              Type           Power      Damage    Failure   Level
a - Stone Arrow           Conj/Erth      30%        3d8       8%          3
b - Searing Ray           Conj           30%        2d5       4%          2

Your spell library contained the following spells:

 Spells                   Type           Power      Damage    Failure   Level
 Magic Dart               Conj           60%        1d6       2%          1
 Blink                    Tloc           0%         N/A       43%         2
 Call Imp                 Summ           0%         N/A       43%         2
 Animate Armour           Summ/Erth      14%        N/A       65%         4
 Fulminant Prism          Conj/Alch      3%         3d5       65%         4
 Tukima's Dance           Hex            0%         N/A       67%         3
 Passage of Golubria      Tloc           0%         N/A       97%         4
 Yara's Violent Unravell  Hex/Alch       0%         3d3       100%        5
 Lehudib's Crystal Spear  Conj/Erth      7%         10d3      100%        8


Dungeon Overview and Level Annotations

Branches:
Dungeon (10/15)            Temple (1/1) D:4         Ossuary (visited)
   Lair: D:8-11         Orc: D:9-12

Altars:
Ashenzari
Cheibriados
Dithmenos
Elyvilon
Fedhas
Gozag
Hepliaklqana
Kikubaaqudgha
Makhleb
Nemelex Xobeh
Okawaru
Qazlal
Ru
Sif Muna
Trog
Uskayaw
Vehumet
Wu Jian
Xom
Yredelemnul
Zin
The Shining One

Shops:
D:4 *   D:7 !   D:8 (=?!

Annotations:
D:2 use /digging to access items
D:7 2 transporters, exclusion: door
D:8 exclusion: door
D:10 3 runed translucent doors, Snorg


Innate Abilities, Weirdness & Mutations

You are small and have problems with some larger weapons.
You are completely attuned to the shadows.


Message History

Press: ? - help, Shift-Dir - straight line, f/p - Snorg
Aim: Snorg (heavily wounded, berserk, 68% to hit)
The stone arrow hits Snorg!
Snorg is severely wounded.
Snorg bites you. Snorg claws you! Snorg completely misses you.
Casting: Stone Arrow (dangerous; 8% risk of failure)
Confirm with . or Enter, or press ? or * to list all spells.
Aiming: Stone Arrow (dangerous; 8% risk of failure)
Press: ? - help, Shift-Dir - straight line, f/p - Snorg
Aim: Snorg (severely wounded, berserk, 68% to hit)
The stone arrow misses Snorg.
Snorg misses you. Snorg claws you! x2
Snorg misses you. Snorg completely misses you. x2
Aiming: Quicksilver Bolt
Press: ? - help, Shift-Dir - straight line, f/p - Snorg
Aim: Snorg (severely wounded, berserk, 71% to hit)
The bolt of dispelling energy hits Snorg!
Snorg is severely wounded.
Snorg misses you. Snorg completely misses you. Snorg barely misses you.
Aiming: Quicksilver Bolt
Press: ? - help, Shift-Dir - straight line, f/p - Snorg
Aim: Snorg (severely wounded, berserk, 71% to hit)
The bolt of dispelling energy hits Snorg!!
Snorg is almost dead.
Snorg barely misses you. Snorg misses you. x2
Snorg bites you but does no damage. Snorg claws you! Snorg closely misses you.
Aiming: Quicksilver Bolt
Press: ? - help, Shift-Dir - straight line, f/p - Snorg
Aim: Snorg (almost dead, berserk, 71% to hit)
The bolt of dispelling energy hits Snorg!
Snorg is almost dead.
Snorg closely misses you. Snorg misses you. x2
Aiming: Quicksilver Bolt
Press: ? - help, Shift-Dir - straight line, f/p - Snorg
Aim: Snorg (almost dead, berserk, 71% to hit)
The bolt of dispelling energy misses Snorg.
Snorg bites you!!
* * * LOW HITPOINT WARNING * * *
Snorg misses you. Snorg completely misses you. Snorg misses you.
Snorg claws you!
You die...

..........##....##...........
########..#......#...####.###
#.##..##..##.## #.#
#.#..####..#.# #.# #.#..####..#.#
#.#
#########.##..##..##.#####.###
...........#......#......<....
####.####..##....##..######.##
#.# ##..#@...#..## #.# #.#
##..T......# #.# #.# ##....###.#
#.#
#######.#######.######.#######.##
.................................
########.#####.##########.#####.#
#.# #.# #.# #.# ### #.# #.# #.#
#.# #.# #.#


You could see Snorg (berserk).

Vanquished Creatures
  Nergalle (D:10)
  Lodul (D:10)
  Maurice (D:7)
  A hornet (D:9)
  Prince Ribbit (D:7)
  Sigmund (D:2)
  3 yaks
  Menkaure (D:4)
  A water moccasin (D:9)
  A black bear (D:7)
  2 orc warriors
  9 ogres
  3 centaurs
  2 phantoms
  5 bullfrogs
  Blork the orc (D:4)
  2 elf zombies (Ossuary)
  5 scorpions
  A burial acolyte (D:6)
  5 wights
  9 killer bees
  An electric eel (D:7)
  3 howler monkeys
  2 bombardier beetles
  3 centaur zombies (Ossuary)
  A gnoll bouda (D:9)
  3 hounds
  4 jellies
  2 orc priests
  7 iguanas
  2 sleepcaps (D:7)
  7 orc wizards
  3 hound zombies
  2 mummies (Ossuary)
  Robin (D:1)
  3 adders
  13 gnolls
  2 shadow imps
  4 white imps
  An ufetubus (D:5)
  12 adder zombies
  4 dart slugs
  4 ribbon worms
  13 orcs
  4 bats
  7 endoplasms
  A giant cockroach (D:3)
  10 goblins
  14 hobgoblins
  9 jackals
  2 quokkas
  7 ball pythons
  5 frilled lizards
  5 gnoll zombies
  3 jackal zombies (Ossuary)
  5 kobolds
  9 kobold zombies
  6 orc zombies (Ossuary)
  2 rats (D:3)
242 creatures vanquished.

Notes
Turn   | Place    | Note
-------+----------+-------------------------------------------
     0 | D:1      | NormalPerson7 the Kobold Brigand began the quest for the
                  | Orb.
     0 | D:1      | Reached XP level 1. HP: 12/12 MP: 1/1
   140 | D:1      | Reached XP level 2. HP: 18/18 MP: 2/2
   189 | D:1      | Reached skill level 3 in Short Blades
   364 | D:1      | Reached XP level 3. HP: 22/22 MP: 3/3
   854 | D:2      | Reached skill level 4 in Short Blades
   910 | D:2      | Reached XP level 4. HP: 27/27 MP: 4/4
  1065 | D:2      | Noticed Sigmund
  1656 | D:2      | Noticed Robin
  1711 | D:1      | Killed Robin
  1732 | D:2      | Reached XP level 5. HP: 30/31 MP: 5/5
  1803 | D:2      | Killed Sigmund
  1804 | D:2      | Reached skill level 6 in Short Blades
  1804 | D:2      | Reached skill level 5 in Throwing
  1804 | D:2      | Reached XP level 6. HP: 35/36 MP: 6/6
  2046 | D:3      | Found the +7 staff of the Meek {protect, meekguard}
  2353 | D:3      | Found a faded altar of an unknown god.
  2355 | D:3      | Found a glowing silver altar of Zin.
  2899 | D:4      | Reached XP level 7. HP: 40/40 MP: 7/7
  2979 | D:4      | Found Maptivep's General Store.
  2982 | D:4      | Bought a scroll of teleportation for 30 gold pieces
  2982 | D:4      | Bought a scroll of identify for 20 gold pieces
  3089 | D:4      | Found a staircase to the Ecumenical Temple.
  3095 | Temple   | Entered the Ecumenical Temple
  3100 | Temple   | Became a worshipper of the Wu Jian Council
  3214 | D:4      | Noticed Blork the orc
  3229 | D:4      | Reached skill level 7 in Short Blades
  3317 | D:4      | Killed Blork the orc
  3351 | D:4      | Found a hide-covered altar of Uskayaw.
  3355 | D:4      | Noticed Menkaure
  3372 | D:4      | Reached skill level 8 in Short Blades
  3372 | D:4      | Reached XP level 8. HP: 46/46 MP: 8/8
  3789 | D:4      | Killed Menkaure
  3859 | D:5      | Entered Level 5 of the Dungeon
  4139 | D:5      | Reached * piety under Wu Jian
  4354 | D:5      | Reached XP level 9. HP: 50/50 MP: 9/9
  4657 | D:6      | Reached skill level 1 in Conjurations
  4660 | D:6      | Learned a level 2 spell: Searing Ray
  4782 | D:6      | Found a blossoming altar of Fedhas.
  4829 | D:6      | Found a bloodstained altar of Trog.
  5001 | D:6      | Found a sand-covered staircase.
  5006 | Ossuary  | Entered an ossuary
  5341 | Ossuary  | Reached ** piety under Wu Jian
  5379 | Ossuary  | Reached skill level 5 in Conjurations
  6188 | D:6      | Found an ancient bone altar of Kikubaaqudgha.
  6642 | D:7      | Reached skill level 5 in Fighting
  6712 | D:7      | Found a transporter.
  6834 | D:7      | Found a transporter.
  6987 | D:7      | Reached skill level 1 in Earth Magic
  7022 | D:7      | Found Upraujops's Distillery.
  7027 | D:7      | Bought a potion of heal wounds for 65 gold pieces
  7027 | D:7      | Bought a potion of berserk rage for 65 gold pieces
  7027 | D:7      | Bought a potion of might for 52 gold pieces
  7027 | D:7      | Bought a potion of haste for 130 gold pieces
  7236 | D:7      | Reached XP level 10. HP: 57/60 MP: 10/10
  7294 | D:7      | Noticed Maurice
  7368 | D:8      | Found Wocvaaro's Distillery.
  7375 | D:8      | Learned a level 3 spell: Stone Arrow
  7382 | D:8      | Found a sparkling altar of Nemelex Xobeh.
  7382 | D:8      | Found a shimmering altar of Xom.
  7382 | D:8      | Found a glowing golden altar of the Shining One.
  7383 | D:8      | Found a burning altar of Makhleb.
  7399 | D:8      | Reached *** piety under Wu Jian
  7593 | D:8      | Found Tur Elyll's Magic Scroll Emporium.
  7661 | D:8      | Found Zon Ygy's Antique Weapon Shoppe.
  7685 | D:8      | Found Wottut's Jewellery Shop.
  7745 | D:8      | Reached skill level 5 in Earth Magic
  8042 | D:7      | Noticed Prince Ribbit
  8045 | D:7      | Killed Prince Ribbit
  8241 | D:7      | Killed Maurice
  8862 | D:9      | Found a hazy altar of Hepliaklqana.
  9097 | D:8      | Bought a scroll of blinking for 82 gold pieces
 10081 | D:10     | Entered Level 10 of the Dungeon
 10081 | D:10     | Noticed Snorg
 10115 | D:9      | Reached skill level 9 in Short Blades
 10364 | D:10     | Found a runed translucent gate.
 10364 | D:10     | Found a runed translucent gate.
 10364 | D:10     | Found a runed translucent gate.
 10476 | D:10     | Reached XP level 11. HP: 68/68 MP: 11/11
 10524 | D:10     | Noticed Nergalle
 10554 | D:10     | Killed Nergalle
 10555 | D:10     | Reached skill level 10 in Short Blades
 10813 | D:10     | Reached skill level 5 in Dodging
 10897 | D:10     | Noticed Lodul
 10908 | D:10     | Killed Lodul
 10992 | D:10     | Identified the +4 broad axe of Impatience {vamp, rC+ rN+}
 11082 | D:10     | Slain by Snorg

Illustrated notes

Levels and vault maps discovered:
D:1:      dpeg_arrival_shelter, layout_basic
D:2:      layout_rooms, serial_glass, glass_columns_b, glass_columns_b,
          feat_on_display, due_unseen_surprise, feat_on_display,
          minmay_strange_pillars, uniq_robin, uniq_sigmund
D:3:      layout_basic, nicolae_overflow_ecumenical_swirl, nicolae_grassy_gnolls
D:4:      layout_basic, kennysheep_mini, minmay_temple_entry_poolview,
          serial_shops, nicolae_shop_behind_doors, uniq_blork_the_orc,
          uniq_menkaure
D:5:      kennysheep_six_static_rooms, layout_cave_pools, st_stairs_1
D:6:      layout_basic, fedhas_altar_4, mainiacjoe_overflow_alcove_4,
          regret_index_kikubaaqudgha_part_by_part, enter_ossuary_2
D:7:      gammafunk_cloud_chamber, layout_gridville, serial_shops,
          nicolae_shop_rolling_square, grunt_ministairs_3, kennysheep_path_1,
          uniq_maurice, uniq_prince_ribbit1
D:8:      due_megacathedral, layout_rooms,
          chequers_temple_overflow_statue_of_worship, serial_shops,
          nicolae_shop_window_shopping, shop, nicolae_shop_tiny_real_fake_doors,
          shop
D:9:      layout_loops_ring, mainiacjoe_overflow_boulevard
D:10:     layout_small_grid, kennysheep_orc_monster_closet_entryway,
          gammafunk_ghost_ooze, minmay_misc_feat_iff, uniq_lodul, uniq_nergalle,
          uniq_snorg
Temple:   nicolae_temple_ecumenical_triangle

Skill      XL: |  1  2  3  4  5  6  7  8  9 10 11 |
---------------+----------------------------------+-----
Short Blades   | 3 4 6 8 9 10 | 10.0
Throwing       | 3 5 6 7 8 |  8.0
Dodging        | 2 3 7 |  7.0
Fighting       | 3 6 8 |  8.0
Stealth        | 8 |  8.0
Conjurations   | 5 6 |  6.0
Earth Magic    | 2 6 |  6.0
Evocations     | 2 |  2.1

Action                     |  1- 3 |  4- 6 |  7- 9 | 10-12 || total
---------------------------+-------+-------+-------+-------++-------
  Melee: Dagger            |    71 |    83 |   521 |   264 ||   939
  Throw: Dart              |     6 |    25 |    25 |     5 ||    61
         Throwing net      |       |       |     1 |     1 ||     2
   Cast: Searing Ray       |       |       |       |    10 ||    10
         Stone Arrow       |       |       |       |    14 ||    14
 Invoke: Serpent's Lash    |       |       |       |     2 ||     2
Ability: Lunge             |       |       |    47 |    24 ||    71
         Whirlwind         |       |       |    74 |    21 ||    95
         Wall Jump         |       |       |       |     3 ||     3
  Evoke: Wand              |       |       |       |    16 ||    16
    Use: Scroll            |       |     2 |     6 |       ||     8
         Potion            |       |       |       |     3 ||     3
   Stab: Sleeping          |    11 |    12 |    35 |    18 ||    76
         Held in net/web   |       |       |     2 |       ||     2
         Distracted        |       |       |     3 |     1 ||     4
 Armour: Robe              |    35 |    33 |   159 |    91 ||   318
  Dodge: Dodged            |    61 |    41 |   240 |   178 ||   520

Table legend: (Time is in decaauts)
 A = Elapsed time spent in this place.
 B = Non-inter-level travel time spent in this place.
 C = Inter-level travel time spent in this place.
 D = Time resting spent in this place.
 E = Time spent auto-exploring this place.
 F = Levels seen in this place.
 G = Mean time per level.
                   A        B        C        D        E       F      G
               +--------+--------+--------+--------+--------+-----+--------+
         Total |  10832 |   9917 |    915 |    843 |   5627 |  12 |  902.7 |
       Dungeon |  10143 |   9228 |    915 |    829 |   5627 |  10 | 1014.3 |
        Temple |     10 |     10 |      0 |      0 |      0 |   1 |   10.0 |
       Ossuary |    677 |    677 |      0 |     14 |      0 |   1 |  677.0 |
               +--------+--------+--------+--------+--------+-----+--------+

Top non-repeatable levels by time:
     D:7: 1489 daAuts
     D:9: 1418 daAuts
     D:6: 1080 daAuts
     D:4: 1022 daAuts
     D:3: 988 daAuts
     D:2: 931 daAuts
     D:1: 899 daAuts
     D:8: 801 daAuts
     D:5: 776 daAuts
    D:10: 736 daAuts
 Ossuary: 677 daAuts
  Temple: 10 daAuts
